 Dungeon Crawl Stone Soup version 0.17.0-57-g0e89251 (webtiles) character file.

2659 sugabear the Ducker (level 9, 48/55 HPs)
             Began as a Gargoyle Gladiator on Dec 8, 2015.
             Was an Initiate of Elyvilon.
             Starved to death
             ... on level 7 of the Dungeon.
             The game lasted 00:16:02 (7819 turns).

sugabear the Ducker (Gargoyle Gladiator)            Turns: 7819, Time: 00:16:02

Health: 48/55      AC: 10    Str: 20    XL:     9   Next: 63%
Magic:  10/10      EV: 14    Int: 10    God:    Elyvilon [......]
Gold:   233        SH:  0    Dex: 11    Spells: 0 memorised, 8 levels left

rFire  . . .     SeeInvis .     n - +6 scythe (venom)
rCold  . . .     Clarity  .     b - +0 leather armour
rNeg   + . .     SustAt   .     (shield currently unavailable)
rPois  ∞         Gourm    .     c - +0 helmet
rElec  +         Spirit   .     (no cloak)
rCorr  .         Warding  .     (no gloves)
rMut   .         Stasis   .     (no boots)
MR     .....                    K - amulet of inaccuracy (curse)
Stlth  ++........               (no ring)
                                (no ring)

@: fainting, not resistant to hostile enchantments, unstealthy
A: negative energy resistance 1, electricity resistance, unbreathing,
petrification resistance, rot immunity, AC +5
a: Renounce Religion


You were on level 7 of the Dungeon.
You worshipped Elyvilon.
Elyvilon was noncommittal.
You were fainting.

You visited 1 branch of the dungeon, and saw 8 of its levels.
You also visited: Ossuary.

You collected 233 gold pieces.

Inventory:

Hand Weapons
 a - a +0 flail
 n - a +6 scythe of venom (weapon)
Missiles
 d - 3 throwing nets (quivered)
 v - 6 javelins
Armour
 b - a +0 leather armour (worn)
 c - a +0 helmet (worn)
Jewellery
 i - an uncursed amulet of resist corrosion
 K - a cursed amulet of inaccuracy (around neck)
Wands
 u - a wand of fireball (12)
Scrolls
 f - a scroll of random uselessness
 g - 2 scrolls of enchant armour {unknown}
 h - 2 scrolls of recharging
 k - 8 scrolls of identify
 l - 3 scrolls of teleportation
 p - 2 scrolls of enchant weapon {unknown}
 q - 2 scrolls of noise {unknown}
 s - 2 scrolls of magic mapping {unknown}
 t - 5 scrolls of remove curse {unknown}
 A - a scroll of amnesia {unknown}
 J - a scroll of fear {unknown}
 M - a scroll of vulnerability {unknown}
 N - a scroll of silence {unknown}
Potions
 m - 2 potions of agility {unknown}
 o - 4 potions of heal wounds {unknown}
 w - 2 potions of haste {unknown}
 C - a potion of brilliance {unknown}
 D - 4 potions of curing
 E - a potion of invisibility
 F - a potion of lignification {unknown}
 G - a potion of mutation {unknown}
 H - 3 potions of flight {unknown}
 I - 2 potions of cure mutation {unknown}
 L - a potion of might {unknown}
Books
 x - a book of Burglary

   Spells                             Type                      Level
   a - Swiftness                      Charms/Air                   2
   b - Passwall                       Transmutation/Earth          3
   c - Passage of Golubria            Translocation                4
   d - Lee's Rapid Deconstruction     Earth                        5
   e - Darkness                       Hexes                        6
   f - Invisibility                   Hexes                        6
 y - a book of Geomancy

   Spells                             Type                      Level
   a - Sandblast                      Earth                        1
   b - Stoneskin                      Transmutation/Earth          2
   c - Passwall                       Transmutation/Earth          3
   d - Stone Arrow                    Conjuration/Earth            3
   e - Petrify                        Transmutation/Earth          4
   f - Lee's Rapid Deconstruction     Earth                        5
 B - a book of Maledictions

   Spells                             Type                      Level
   a - Corona                         Hexes                        1
   b - Ensorcelled Hibernation        Hexes/Ice                    2
   c - Confuse                        Hexes                        3
   d - Tukima's Dance                 Hexes                        3
   e - Dazzling Spray                 Conjuration/Hexes            3
Comestibles
 e - 3 bread rations
 j - 3 meat rations
 r - a beef jerky
 z - a royal jelly
 O - 5 chunks of flesh


   Skills:
 + Level 6.1 Fighting
 + Level 4.0 Maces & Flails
 + Level 4.9 Polearms
 + Level 2.6 Throwing
 + Level 4.5 Armour
 + Level 7.0 Dodging
 + Level 2.7 Stealth
 * Level 2.1 Invocations


You had 8 spell levels left.
You didn't know any spells.

Dungeon Overview and Level Annotations

Branches:
Dungeon (8/15)
 Temple: D:4-7         Lair: D:8-11

Altars:
Dithmenos
Elyvilon
Gozag


Innate Abilities, Weirdness & Mutations

You are resistant to torment.
Your stone body is resilient (AC +5).
You are immune to poison.
You resist negative energy.
You are resistant to electric shocks.
You can survive without breathing.
You are immune to petrification.
You are immune to rotting.


Message History

You miss the hungry ghost.
The hungry ghost is moderately damaged.
The hungry ghost hits you.
You feel slightly more hungry. The hungry ghost hits you.
You feel slightly more hungry.
You slash the hungry ghost!
The hungry ghost is severely damaged.
The hungry ghost hits you.
You feel slightly more hungry.
You completely miss the hungry ghost.
The hungry ghost is severely damaged.
The hungry ghost closely misses you. The hungry ghost barely misses you.
You completely miss the hungry ghost.
The hungry ghost is severely damaged.
The hungry ghost misses you. The hungry ghost closely misses you.
You miss the hungry ghost.
The hungry ghost is severely damaged.
The hungry ghost closely misses you. The hungry ghost completely misses you.
You miss the hungry ghost.
The hungry ghost is severely damaged.
You have starved to death.
You die...

.........$..
#.........#####+++#####
#.........# #.........#
#........# #........#
#........# #........#
#(...@)..# #....W...#
#(.......# ...........#
...[..=....#
...........#
....######## ### ....
#<##


You could see a hungry ghost.

Vanquished Creatures
  Grinder (D:3)
  Sigmund (D:2)
  The ghost of dazmir the Sneak, an amateur SpEn of Okawaru (D:4)
  A wraith (Ossuary)
  2 ogres
  A black bear (D:4)
  2 phantoms
  An orc warrior (D:6)
  2 ice beasts
  5 centaurs
  A giant frog (D:8)
  The ghost of ces the Ruffian, a weakling TrBe of Trog (D:3)
  A jelly (D:5)
  A giant frog zombie (D:5)
  A crimson imp (D:6)
  2 orc priests
  7 orc wizards
  Jessica (D:3)
  A giant frog skeleton (D:7)
  Terence (D:2)
  2 hounds
  2 worker ants
  A hound skeleton (D:6)
  A mummy (Ossuary)
  12 adders
  A shadow imp (D:5)
  6 worms
  4 giant geckos
  20 orcs
  9 bats
  3 giant cockroaches
  8 gnoll skeletons (Ossuary)
  7 goblins
  5 hobgoblins
  8 jackals
  A giant gecko zombie (D:6)
  5 giant newts
  8 kobolds
  4 kobold skeletons (Ossuary)
  13 orc skeletons (Ossuary)
  9 quokkas
  8 rats
171 creatures vanquished.

Vanquished Creatures (others)
  A ghoul (D:1)
  A draconian (D:1)
  A troll (D:1)
  A vampire (D:1)
  A spriggan (D:1)
  2 humans (D:1)
  A naga (D:1)
  A mummy (D:1)
  3 orcs (D:1)
  5 tentacles (D:1)
  27 tentacle segments (D:1)
44 creatures vanquished.

Grand Total: 215 creatures vanquished

Notes
Turn   | Place    | Note
--------------------------------------------------------------
     0 | D:1      | sugabear the Gargoyle Gladiator began the quest for the Orb.
     0 | D:1      | Reached XP level 1. HP: 12/12 MP: 1/1
     0 | D:1      | Noticed a draconian
     0 | D:1      | Noticed a ghoul
     0 | D:1      | Noticed a human
     0 | D:1      | Noticed a spriggan
     0 | D:1      | Noticed a naga
     0 | D:1      | Noticed a kraken
     0 | D:1      | Noticed a troll
     0 | D:1      | Noticed a vampire
     0 | D:1      | Noticed a human
     8 | D:1      | Killed a ghoul
     8 | D:1      | Killed a spriggan
     9 | D:1      | Killed a draconian
     9 | D:1      | Killed a human
     9 | D:1      | Killed a human
     9 | D:1      | Killed a vampire
    10 | D:1      | Killed a naga
    10 | D:1      | Killed a troll
   103 | D:1      | Reached XP level 2. HP: 15/18 MP: 2/2
   501 | D:1      | Reached XP level 3. HP: 17/22 MP: 3/3
   938 | D:2      | Reached skill level 1 in Armour
  1154 | D:2      | Noticed Sigmund
  1169 | D:2      | Killed Sigmund
  1169 | D:2      | Reached XP level 4. HP: 13/27 MP: 4/4
  1169 | D:2      | Reached XP level 5. HP: 15/32 MP: 5/5
  1270 | D:2      | Reached skill level 4 in Dodging
  1270 | D:2      | Reached XP level 6. HP: 28/36 MP: 6/6
  1422 | D:3      | Noticed Terence
  1430 | D:2      | Killed Terence
  1888 | D:3      | Noticed Grinder
  1891 | D:3      | Killed Grinder
  1891 | D:3      | Reached skill level 1 in Polearms
  1891 | D:3      | Reached skill level 1 in Stealth
  1891 | D:3      | Reached XP level 7. HP: 26/41 MP: 7/7
  2012 | D:3      | Noticed ces's ghost (weakling TrBe)
  3134 | D:3      | Killed ces's ghost
  3134 | D:3      | Reached skill level 5 in Dodging
  3345 | D:3      | Noticed Jessica
  3354 | D:3      | Killed Jessica
  3846 | D:5      | Entered Level 5 of the Dungeon
  3926 | D:4      | Noticed dazmir's ghost (amateur SpEn)
  4063 | D:4      | Reached XP level 8. HP: 45/48 MP: 8/8
  4131 | D:4      | Killed dazmir's ghost
  4674 | D:5      | Reached skill level 6 in Dodging
  4970 | D:6      | Reached skill level 5 in Fighting
  5032 | D:6      | Found a sand-covered staircase.
  5041 | Ossuary  | Entered an ossuary
  5883 | D:5      | Reached XP level 9. HP: 44/54 MP: 9/9
  6533 | D:5      | Found a white marble altar of Elyvilon.
  6613 | D:5      | Found an opulent altar of Gozag.
  6838 | D:5      | Became a worshipper of Elyvilon the Healer
  7289 | D:6      | Found a shadowy altar of Dithmenos.
  7611 | D:6      | Reached skill level 1 in Invocations
  7780 | D:8      | Reached skill level 7 in Dodging
  7819 | D:7      | Starved to death

Action                   |  1- 3 |  4- 6 |  7- 9 || total
-------------------------+-------+-------+-------++-------
Melee: Flail             |   110 |       |       ||   110
       Scythe            |       |    52 |   327 ||   379
Throw: Javelin           |       |       |     8 ||     8
Evoke: Wand              |       |       |     2 ||     2
  Use: Potion            |       |       |     3 ||     3
       Scroll            |       |       |     4 ||     4
 Stab: Sleeping          |       |     1 |     4 ||     5
  Eat: Chunk             |     1 |     2 |    17 ||    20
       Pizza             |       |       |     2 ||     2
